 Dungeon Crawl Stone Soup version 0.31-a0-940-gdaa99269f9 (webtiles) character file.

Game seed: 2460474178200165896

46 gelatine the Ruffian (level 3, -19/26 HPs)
             Began as a Demonspawn Shapeshifter on Oct 20, 2023.
             Demolished by an ogre
             ... wielding a +0 giant club
              (35 damage)
             ... on level 3 of the Dungeon.
             The game lasted 00:02:14 (1574 turns).

gelatine the Ruffian (Demonspawn Shapeshifter)      Turns: 1574, Time: 00:02:15

Health: -19/26     AC:  2    Str: 16    XL:     3   Next: 44%
Magic:  3/3        EV: 12    Int: 11    God:
Gold:   123        SH:  0    Dex: 12    Spells: 2/2 levels left

rFire   . .          .
                       - Unarmed
rCold   . . .        (no shield)
rNeg    . . .        a - +0 animal skin
rPois   .            (helmet currently unavailable)
rElec   .            (cloak currently unavailable)
rCorr   .            (gloves currently unavailable)
SInv    .            (boots currently unavailable)
Will    .....        (no amulet)
Stlth   +            n - +4 ring of slaying
HPRegen 0.24/turn    (no ring)
MPRegen 0.08/turn

%: no passive effects
@: beast-form
A: beast (slay +1), horns 1, powered by pain 1
a: Begin Untransformation


You were on level 3 of the Dungeon.
You were a hulking beast.
You visited 1 branch of the dungeon, and saw 3 of its levels.

You collected 123 gold pieces.

Inventory:

Armour
 a - a +0 animal skin (worn)
Jewellery
 n - a +4 ring of slaying (left hand)
Talismans
 c - a beast talisman (active)
 d - a flux talisman
Scrolls
 e - a scroll of enchant armour {unknown}
 f - 4 scrolls of identify {unknown}
 i - a scroll of revelation {unknown}
 k - a scroll of blinking {unknown}
 m - 3 scrolls of fear {unknown}
 o - a scroll of amnesia {unknown}
Potions
 b - a potion of lignification
 g - 3 potions of degeneration {unknown}
 h - a potion of curing {unknown}
 j - a potion of haste {unknown}
 l - a potion of mutation {unknown}


   Skills:
 + Level 1.2 Fighting
 + Level 2.0 Dodging
 + Level 0.9 Stealth
 * Level 3.2 Unarmed Combat
 * Level 3.1 Shapeshifting


You had 2 spell levels left.
You didn't know any spells.
Your spell library contained the following spells:

 Spells                   Type           Power      Damage    Failure   Level
 Lesser Beckoning         Tloc           0%         N/A       47%         2
 Wereblood                Tmut           0%         N/A       47%         2
 Gell's Gravitas          Tloc           0%         N/A       71%         3
 Teleport Other           Tloc           0%         N/A       71%         3
 Irradiate                Conj/Tmut      0%         3d11      100%        5


Dungeon Overview and Level Annotations

Branches:
Dungeon (3/15)

Altars:


Innate Abilities, Weirdness & Mutations

You are a hulking beast.
Your limbs bulge with bestial killing power. (Slay +1)
You have a pair of small horns on your head.
You sometimes gain a little power by taking damage.


Message History

You hit the adder.
You kill the adder!
n - a +4 ring of slaying (left hand)
You are a hulking beast.
Your movement speed is average.
Your attack delay is about 0.9.
Your damage rating with unarmed combat is about 12 (Base [3 + 3 (UC)] x 115% (Str) x 102% (Fight) + 5 (Slay)).
Unknown command.
HP restored.
You now have 105 gold pieces (gained 16).
You now have 123 gold pieces (gained 18).
Found a stone staircase leading up.
You open the door.
Found a stone staircase leading down.
There is an open door here.
Found a stone staircase leading down.
A rat and a ball python come into view.
The ball python hisses angrily.
You hit the ball python.
You kill the ball python!
An ogre comes into view. It is wielding a +0 giant club.
You hit the rat.
You kill the rat!
You see here a rat corpse.
Nothing quivered!
Found a club.
You hit the ogre.
The ogre is lightly wounded.
You hit the ogre. You headbutt the ogre.
The ogre is heavily wounded.
The ogre hits you with a +0 giant club!
You barely miss the ogre. Your headbutt misses the ogre.
The ogre is heavily wounded.
The ogre barely misses you.
You hit the ogre.
The ogre is heavily wounded.
You closely miss the ogre.
The ogre is heavily wounded.
The ogre hits you with a +0 giant club!!
Ouch! That really hurt!
You die...

#.....# #.....#
#.....#
#.#'########
#.#.#......#
#####.##.......##
##....##..⌠...⌠..#
#.....#..†........
#.....#...h.⌠.....
#.....#..>O....>..
#.....#.....⌠.....
#.....#...........
#.....##..⌠...⌠..#
#.#######.......##
#.# .#....### #.#
.#)...# #.#####


You could see an ogre.

Vanquished Creatures
  2 adders
  A dart slug (D:2)
  A bat (D:1)
  2 endoplasms
  3 giant cockroaches
  2 goblins (D:2)
  2 hobgoblins
  2 jackals (D:2)
  2 quokkas
  3 ball pythons
  3 frilled lizards
  A rat (D:3)
24 creatures vanquished.

Notes
Turn   | Place    | Note
-------+----------+-------------------------------------------
     0 | D:1      | gelatine the Demonspawn Shapeshifter began the quest for
                  | the Orb.
     0 | D:1      | Reached XP level 1. HP: 15/15 MP: 1/1
   893 | D:2      | Gained mutation: You sometimes gain a little power by
                  | taking damage. [demonic ancestry]
   893 | D:2      | Reached XP level 2. HP: 8/21 MP: 2/2
  1256 | D:2      | Gained mutation: You have a pair of small horns on your
                  | head. [demonic ancestry]
  1256 | D:2      | Reached XP level 3. HP: 26/26 MP: 3/3
  1566 | D:3      | Noticed an ogre
  1574 | D:3      | Demolished by an ogre

Illustrated notes

Levels and vault maps discovered:
D:1:      dpeg_arrival_round_a, layout_basic
D:2:      layout_rooms
D:3:      minmay_skewed_foursquare, layout_basic, minmay_strange_pillars,
          amcnicky_mini_rare_corridor_liquid, grunt_ministairs_10,
          nicolae_kite_square_tiling_tiny

Skill      XL: |  1  2 |
---------------+-------+-----
Unarmed Combat | 3 |  3.2
Shapeshifting  | 3 |  3.1
Dodging        | 2 |  2.0
Fighting       | |  1.2
Stealth        | |  0.9

Action                     || total
---------------------------++-------
  Melee: Unarmed           ||    98
         Punch             ||     2
         Headbutt          ||     4
  Throw: Throwing net      ||     3
 Armour: Animal skin       ||    60
  Dodge: Dodged            ||    82

Table legend: (Time is in decaauts)
 A = Elapsed time spent in this place.
 B = Non-inter-level travel time spent in this place.
 C = Inter-level travel time spent in this place.
 D = Time resting spent in this place.
 E = Time spent auto-exploring this place.
 F = Levels seen in this place.
 G = Mean time per level.
                   A        B        C        D        E       F      G
               +--------+--------+--------+--------+--------+-----+--------+
         Total |   1567 |   1436 |    131 |      0 |   1204 |   3 |  522.3 |
       Dungeon |   1567 |   1436 |    131 |      0 |   1204 |   3 |  522.3 |
               +--------+--------+--------+--------+--------+-----+--------+

Top non-repeatable levels by time:
     D:1: 828 daAuts
     D:2: 621 daAuts
     D:3: 117 daAuts
